 Dungeon Sprint DCSS version 0.21.1-1-g345015f (webtiles) character file.

103 Veiltonx the Sneak (level 4, -11/23 HPs)
             Began as a Spriggan Enchanter on May 23, 2018.
             Mangled by a water elemental (17 damage)
             ... in the Dungeon (Sprint III: "The Ten Rune Challenge").
             The game lasted 00:03:29 (226 turns).

Veiltonx the Sneak (Spriggan Enchanter)              Turns: 226, Time: 00:03:29

Health: -11/23     AC:  2    Str:  4    XL:     4   Next: 51%
Magic:  0/12       EV: 21    Int: 17    God:
Gold:   30         SH:  0    Dex: 16    Spells: 7/13 levels left

rFire    . . .     SeeInvis +   a - +1 dagger
rCold    . . .     Gourm    .   (shield restricted)
rNeg     . . .     Faith    .   b - +0 robe
rPois    .         Spirit   .   (helmet restricted)
rElec    .         Reflect  .   (no cloak)
rCorr    .         Harm     .   (gloves unavailable)
MR       .....     NoTele   +   (boots unavailable)
Stlth    ++++......             (no amulet)
HPRegen  0.07/turn              (no ring)
MPRegen  0.13/turn              (no ring)

@: very quick
A: very small, unfitting armour, see invisible, herbivore, speed 3, slow
metabolism 2
a: no special abilities


You were in the Dungeon.
You were not hungry.

You visited 1 branch You collected 30 gold pieces.

Inventory:

Hand Weapons
 a - a +1 dagger (weapon)
Armour
 b - a +0 robe (worn)
Scrolls
 j - a scroll of blinking
 l - a scroll of immolation {unknown}
 m - 3 scrolls of identify
 n - 4 scrolls of remove curse
 p - a scroll of torment {unknown}
Potions
 e - a potion of curing
 f - a potion of heal wounds
 g - a potion of haste
 h - 2 potions of magic
 i - a potion of berserk rage
 k - 3 potions of mutation {unknown}
 o - 4 potions of flight
 q - a potion of might {unknown}
Books
 c - a book of Maledictions

   Spells                             Type                      Level
   a - Corona                         Hexes                        1
   b - Ensorcelled Hibernation        Hexes/Ice                    2
   c - Confuse                        Hexes                        3
   d - Tukima's Dance                 Hexes                        3
   e - Dazzling Spray                 Conjuration/Hexes            3
Comestibles
 d - 3 rations


   Skills:
 + Level 2.1 Fighting
 + Level 3.9 Short Blades
 + Level 5.7 Dodging
 + Level 7.1 Stealth
 + Level 5.0 Spellcasting
 + Level 5.5 Hexes
 + Level 2.1 Ice Magic


You had 7 spell levels left.
You knew the following spells:

 Your Spells              Type           Power        Failure   Level  Hunger
a - Corona                Hex            ###....      1%          1    None
b - Ensorcelled Hibernat  Hex/Ice        ###...       4%          2    #......
c - Dazzling Spray        Conj/Hex       ##....       14%         3    ###....


Dungeon Overview and Level Annotations

Branches:
Dungeon (1/1)

Altars:


Innate Abilities, Weirdness & Mutations

You are very small and have problems with some larger weapons.
You are too small for most types of armour.
You have supernaturally acute eyesight. (SInv)
You are a herbivore.
You cover ground extremely quickly.
You need consume almost no food.


Message History

Press: ? - help, Shift-Dir - straight line, f/p - water elemental
Aim: a water elemental (heavily damaged)
The spray of energy hits the water elemental.
The water elemental is almost destroyed.
You hit the water elemental but do no damage.
The water elemental is almost destroyed.
The water elemental completely misses you.
You barely miss the water elemental.
The water elemental is almost destroyed.
The water elemental closely misses you.
You hit the water elemental.
The water elemental is almost destroyed.
The water elemental barely misses you.
You hit the water elemental but do no damage.
The water elemental is almost destroyed.
You hit the water elemental but do no damage.
The water elemental is almost destroyed.
The water elemental hits you!
Ouch! That really hurt!
You die...

▓▓▓▓▓▓▓▓▓ ▓▓▓
▓<..#...#### ##.#
▓...#......#####..#
▓..##..@E...#..#..#
▓##.##.##.).#..#..# #+#+
##.##.###..##'#..#.....
▓#.####.##..###...'.⌠...
▓.###..##..####...#...##
▓#.....##..###.E..# ⌠.#
###..##...##.....# .#
##..##....#......# #
#..###..##.#..†..#


You could see a water elemental.

Vanquished Creatures
  A scorpion (D)
  Jessica (D)
  A human (D)
  2 oozes (D)
  A rat (D)
6 creatures vanquished.

Vanquished Creatures (others)
  A draconian scorcher (D)
  6 hellions (D)
  2 plants (D)
9 creatures vanquished.

Grand Total: 15 creatures vanquished

Notes
Turn   | Place    | Note
-------+----------+-------------------------------------------
     0 | D        | Veiltonx the Spriggan Enchanter began the quest for the Orb.
     0 | D        | Reached XP level 1. HP: 9/9 MP: 5/5
     9 | D        | Reached skill level 5 in Stealth
    22 | D        | Reached XP level 2. HP: 9/13 MP: 5/7
    26 | D        | Learned a level 2 spell: Ensorcelled Hibernation
    39 | D        | Noticed Jessica
    45 | D        | Killed Jessica
    45 | D        | Reached skill level 1 in Fighting
    45 | D        | Reached skill level 6 in Stealth
    45 | D        | Reached skill level 1 in Ice Magic
    45 | D        | Reached XP level 3. HP: 13/18 MP: 5/9
   122 | D        | Killed a hellion
   135 | D        | Noticed a scorpion
   138 | D        | Killed a scorpion
   138 | D        | Reached skill level 5 in Dodging
   138 | D        | Reached skill level 5 in Hexes
   138 | D        | Reached XP level 4. HP: 23/23 MP: 9/11
   142 | D        | Reached skill level 7 in Stealth
   142 | D        | Reached skill level 5 in Spellcasting
   160 | D        | Noticed a water elemental
   166 | D        | Learned a level 3 spell: Dazzling Spray
   168 | D        | Killed a hellion
   174 | D        | Killed a hellion
   175 | D        | Killed a hellion
   176 | D        | Killed a hellion
   177 | D        | Killed a hellion
   222 | D        | Killed a white draconian scorcher
   226 | D        | Mangled by a water elemental

Skill      XL: |  1  2  3  4 |
---------------+-------------+-----
Stealth        | 5 6 7 |  7.1
Spellcasting   | 3 4 5 |  5.0
Hexes          | 4 5 |  5.5
Short Blades   | 2 3 |  3.9
Dodging        | 4 5 |  5.7
Fighting       | 1 2 |  2.1
Ice Magic      | 1 2 |  2.1

Action                   |  1- 3 |  4- 6 || total
-------------------------+-------+-------++-------
Melee: Dagger            |    19 |    11 ||    30
 Cast: Corona            |     1 |       ||     1
       Ensorcelled Hiber |     1 |       ||     1
       Dazzling Spray    |       |     6 ||     6
 Stab: Sleeping          |     3 |     1 ||     4
Armor: Robe              |     1 |       ||     1
Dodge: Dodged            |    11 |    12 ||    23
